Map: [ESL] Gresvan

Players

herO - Winner!

  • Race: Protoss Protoss
  • Spawn Location: 11:00

Astra

  • Race: Protoss Protoss
  • Spawn Location: 5:00

Event: ESL SC2 Masters 2023 Summer (Finals)

VOD

Have the link to the VOD?

Description

Time

  • Played on: June 16, 2023, 10:09 a.m.
  • Length: 10:13

All games in this series

Show
View Real Time Build Order
Export as new Build Order

herO Protoss - Winner!

Build Orders:  

Get SALT Encoding   

  12  0:00  Probe  
  13  0:12  Probe  
  14  0:17  Pylon  
  14  0:24  Probe (Chrono Boost)  
  16  0:36  Probe (Chrono Boost), Gateway  
  16  0:43  Probe (Chrono Boost)  
  16  0:47  Assimilator  
  17  0:50  Probe  
  18  1:02  Probe (Chrono Boost)  
  19  1:04  Assimilator  
  19  1:09  Gateway  
  19  1:13  Probe (Chrono Boost)  
  19  1:18  Probe (Chrono Boost)  
  20  1:23  Cybernetics Core  
  21  1:29  Probe  
  22  1:33  Pylon  
  22  1:41  Probe  
  23  1:59  Adept  
  23  2:00  Adept  
  27  2:01  Stargate  
  27  2:09  Pylon  
  27  2:10  Warp Gate  
  27  2:29  Probe, Adept  
  30  2:30  Adept  
  32  2:47  Pylon  
  35  2:52  Shield Battery  
  35  2:59  Pylon  
  35  3:06  Probe  
  35  3:12  Robotics Facility  
  32  3:17  Stalker x2  
  32  3:36  Nexus  
  32  3:42  Pylon  
  31  3:58  Sentry  
  31  3:59  Sentry  
  31  4:02  Immortal (Chrono Boost)  
  38  4:10  Shield Battery  
  38  4:17  Probe  
  39  4:31  Immortal (Chrono Boost)  
  39  4:36  Sentry  
  43  4:41  Stalker  
  45  4:52  Shield Battery  
  45  5:02  Warp Prism (Chrono Boost)  
  45  5:05  Sentry  
  49  5:12  Stalker  
  51  5:28  Immortal (Chrono Boost)  
  55  5:39  Stalker  
  55  5:40  Zealot  
  59  5:47  Pylon  
  57  5:59  Immortal (Chrono Boost)  
  61  6:20  Stalker x2  
  61  6:23  Pylon  
  65  6:29  Observer (Chrono Boost)  
  66  6:33  Probe x2  
  68  6:43  Adept x2  
  72  6:49  Probe x2  
  72  6:54  Phoenix, Pylon  
  74  7:03  Adept x2  
  78  7:10  Pylon  
  70  8:11  Nexus  
  70  8:14  Pylon  
  65  8:23  Phoenix  
  58  8:33  Observer  
  55  8:34  Cybernetics Core  
  55  9:14  Observer  
  55  9:40  Shield Battery  
Show
View Real Time Build Order
Export as new Build Order

Astra Protoss 

Build Orders: Blink Stalkers 

Get SALT Encoding   

  12  0:00  Probe  
  13  0:12  Probe  
  14  0:17  Pylon  
  14  0:24  Probe  
  15  0:35  Gateway  
  15  0:37  Probe (Chrono Boost)  
  16  0:43  Assimilator  
  16  0:47  Probe (Chrono Boost)  
  17  0:52  Probe (Chrono Boost)  
  18  0:57  Assimilator  
  19  1:04  Probe  
  19  1:14  Gateway  
  19  1:16  Probe  
  20  1:22  Cybernetics Core  
  20  1:28  Probe  
  21  1:34  Pylon  
  21  1:40  Probe  
  22  1:52  Probe  
  23  2:01  Stalker  
  23  2:03  Warp Gate, Stalker  
  27  2:18  Pylon  
  27  2:32  Stalker x2 (Chrono Boost)  
  31  2:37  Shield Battery  
  31  2:53  Stalker x2 (Chrono Boost)  
  35  3:04  Probe  
  34  3:08  Twilight Council  
  30  3:18  Probe  
  31  3:31  Pylon  
  31  3:32  Probe  
  32  3:42  Pylon  
  32  3:43  Blink (Chrono Boost)  
  32  4:01  Stalker  
  34  4:07  Pylon  
  34  4:16  Probe  
  35  4:22  Stalker  
  37  4:28  Probe  
  38  4:37  Gateway  
  38  4:46  Gateway  
  38  4:52  Probe  
  39  4:58  Stalker  
  41  5:11  Stalker  
  43  5:25  Charge (Chrono Boost), Stalker  
  45  5:37  Stalker  
  45  5:39  Stalker  
  49  5:50  Zealot x2  
  53  6:02  Zealot  
  55  6:04  Pylon  
  55  6:06  Pylon  
  55  6:23  Pylon  
  55  6:29  Pylon  
  55  6:47  Zealot x3  
  55  6:48  Zealot  
  63  7:07  Zealot  
  63  7:08  Zealot x2  
  69  7:09  Zealot  
  49  7:52  Pylon  
  49  8:32  Nexus  
Tags
 
Add a new tag
Caveats
  • Supply blocks, unpowered buildings, or Contaminate may cause inaccurate times.
  • Supply counts are checked every 10 seconds.